AoeStats
← beeflord

Arabian Desert

509252717Analyzed
1v1 RM · 6d ago on Sep 26, 2026· 46m 55s· 2 players
Game mode
Random Map
Map size
Tiny (2 player)
Population
200
Speed
Normal
Resources
Standard
Victory
Conquest
Starting age
Dark Age
Ending age
Imperial Age
RankedLock teamsTeams togetherTeam positionsShared explorationLock speedFull tech treeHidden civsTurbo modeCheats
Victory
Defeat
🇨🇱 Persians · Chile
686
+15
🇺🇸 Franks · United States
675
-15
beeflord
4:32 Loom
11:58 Feudal Age
12:33 Double-Bit Axe
22:06 Castle Age
21:15 Wheelbarrow
22:40 Gold Mining
23:02 Bow Saw
24:44 Stone Mining
26:03 Gold Shaft Mining
25:17 Town Watch
34:32 Imperial Age
35:07 Forging
35:43 Conscription
38:11 Hand Cart
38:26 Light Cavalry
38:40 Elite Skirmisher
38:44 Ordonnance Companies
39:58 Cavalier
40:40 Husbandry
HenryDxebec
9:28 Feudal Age
10:15 Horse Collar
15:47 Man-at-Arms
18:14 Wheelbarrow
17:46 Double-Bit Axe
22:12 Castle Age
20:37 Stone Mining
21:31 Gold Mining
23:16 Heavy Plow
23:58 Stone Shaft Mining
24:03 Gold Shaft Mining
23:41 Bow Saw
25:07 Hand Cart
31:58 Kamandaran
33:02 Thumb Ring
34:22 Forging
34:12 Padded Archer Armor
34:31 Bloodlines
34:36 Husbandry
35:05 Crossbowman
39:43 Imperial Age
36:44 Light Cavalry
39:26 Iron Casting
38:51 Scale Mail Armor
41:18 Chemistry
40:09 Heated Shot
40:36 Hussar
42:09 Heavy Scorpion
47:46 Blast Furnace
47:02 Chain Mail Armor
47:02 Leather Archer Armor
Connection lost

Rejoining the realm…

Still unreachable

The connection could not be restored.

Session expired

The server has moved on; the page needs a fresh start.